 Dungeon Crawl Stone Soup version 0.30.0-17-ge0270778cf (webtiles) character file.

Game seed: 1830505644270851676

1 Esekla the Magician (level 1, 14/14 HPs)
             Began as a Meteoran Hedge Wizard on May 21, 2023.
             Was a Follower of Cheibriados.
             Quit the game on level 2 of the Dungeon.
             The game lasted 00:00:50 (62 turns).

Esekla the Magician (Meteoran Hedge Wizard)           Turns: 62, Time: 00:00:51

Health: 14/14      AC:  2    Str: 13    XL:     1   Next: 28%
Magic:  6/6        EV: 12    Int: 17    God:    Cheibriados [*.....]
Gold:   25         SH:  0    Dex: 15    Spells: 7/8 levels left

rFire   . . .        a - +0 dagger
rCold   . . .        (no shield)
rNeg    . . .        b - +0 robe
rPois   .            c - +0 hat
rElec   .            (no cloak)
rCorr   .            (no gloves)
SInv    .            (no boots)
Will    .....        (no amulet)
Stlth   +            (no ring)
HPRegen 0.22/turn    (no ring)
MPRegen 0.10/turn

%: no passive effects
@: glowing, very slow
A: sense surroundings 1, otherworldly, glowing, explore regen
a: Renounce Religion, Bend Time


You were on level 2 of the Dungeon.
You worshipped Cheibriados.
Cheibriados was aware of your devotion.
You visited 1 branch of the dungeon, and saw 2 of its levels.

You collected 25 gold pieces.

Inventory:

Hand Weapons
 a - a +0 dagger (weapon)
Armour
 b - a +0 robe (worn)
 c - a +0 hat (worn)
Potions
 d - a potion of magic


   Skills:
 * Level 2.4 Dodging
 - Level 1.4 Stealth
 * Level 4.0 Spellcasting
 * Level 1.2 Conjurations
 + Level 1.2 Summonings
 * Level 1.2 Translocations


You had 7 spell levels left.
You knew the following spells:

 Your Spells              Type           Power      Damage    Failure   Level
a - Magic Dart            Conj           28%        1d4       10%         1

Your spell library contained the following spells:

 Spells                   Type           Power      Damage    Failure   Level
 Blink                    Tloc           14%        N/A       14%         2
 Call Imp                 Summ           14%        N/A       14%         2
 Slow                     Hex            12%        N/A       16%         1
 Cigotuvi's Dreadful Rot  Necr/Pois/Air  6%         N/A       24%         2
 Mephitic Cloud           Conj/Pois/Air  4%         N/A       36%         3


Dungeon Overview and Level Annotations

Branches:
Dungeon (2/15) Zot: 1703

Altars:
Cheibriados


Innate Abilities, Weirdness & Mutations

You passively map a small area around you.
You are easily found by Zot.
You glow in the dark.
You regain HP and MP as you explore.


Message History

A hobgoblin comes into view.
Casting: Magic Dart (safe; 11% risk of failure)
Confirm with . or Enter, or press ? or * to list all spells.
Aiming: Magic Dart (safe; 11% risk of failure)
Press: ? - help, Shift-Dir - straight line, f - hobgoblin
Aim: a hobgoblin (100% to hit)
The magic dart hits the hobgoblin.
The hobgoblin is moderately wounded.
Casting: Magic Dart (safe; 11% risk of failure)
Confirm with . or Enter, or press ? or * to list all spells.
Aiming: Magic Dart (safe; 11% risk of failure)
Press: ? - help, Shift-Dir - straight line, f/p - hobgoblin
Aim: a hobgoblin (moderately wounded, 100% to hit)
The magic dart hits the hobgoblin.
The hobgoblin is almost dead.
Casting: Magic Dart (safe; 11% risk of failure)
Confirm with . or Enter, or press ? or * to list all spells.
Aiming: Magic Dart (safe; 11% risk of failure)
Press: ? - help, Shift-Dir - straight line, f/p - hobgoblin
Aim: a hobgoblin (almost dead, 100% to hit)
The magic dart hits the hobgoblin.
You kill the hobgoblin!
You now have 14 gold pieces.
Found a stone staircase leading down.
Found 11 gold pieces.
There is a stone staircase leading down here.
You now have 25 gold pieces (gained 11).
There is a stone staircase leading down here.
You climb downwards.
Found a faded altar of an unknown god.
There is a stone staircase leading up here.
There is a faded altar of an unknown god here.
This altar belongs to (a) Vehumet, (b) Cheibriados or (c) Dithmenos, but you can't tell which.
Press the corresponding letter to learn more about a god, or press enter to convert or escape to cancel.
Cheibriados accepts your prayer! Cheibriados welcomes you!
Cheibriados begins to support your attributes as your movement slows.
Cheibriados is now slowing the effects of poison on you.
You can now bend time to slow others.
Cheibriados raises the support of your attributes as your movement slows.
Are you sure you want to abandon this character and quit the game? (Confirm with "yes".)

, ,, ......# , ,
*+ , #.....# *,. *
#.....######..
#............., *
* #............. *
#.#######.....
*####.#.....#.....
,
.....#.@.<.#.....
###..#.....#.....
,
.....#######.####
.###............
...............
####............ ,
* , ,
#............ , *,
, **
##..........., * ,
,


There were no monsters in sight!

Vanquished Creatures
  A hobgoblin (D:1)
1 creature vanquished.

Notes
Turn   | Place    | Note
-------+----------+-------------------------------------------
     0 | D:1      | Esekla the Meteoran Hedge Wizard began the quest for the
                  | Orb.
     0 | D:1      | Reached XP level 1. HP: 14/14 MP: 6/6
    58 | D:2      | Found a faded altar of an unknown god.
    61 | D:2      | Prayed at the altar of an unknown god.
    61 | D:2      | Became a worshipper of Cheibriados the Contemplative
    61 | D:2      | Reached * piety under Cheibriados
    62 | D:2      | Quit the game

Illustrated notes

Levels and vault maps discovered:
D:1:      reono_arrival_forest_river, layout_loops_ring, serial_shops, shop,
          dreamdust_wishing_well, chequers_serial_rivers_large_a,
          minmay_pentomino_x4
D:2:      layout_basic, nicolae_ecumenical_oubliette, hangedman_decor_points,
          uniq_jessica

Action                     || total
---------------------------++-------
   Cast: Magic Dart        ||     3
